 Dungeon Crawl Stone Soup version 0.18-b1-2-gd0c887e (webtiles) character file.

180 SkaryMonk the Sneak (level 5, -2/34 HPs)
             Began as an Octopode Assassin on Apr 28, 2016.
             Killed themself with a badly aimed iceblast (10 damage)
             ... on level 3 of the Dungeon.
             The game lasted 00:07:51 (2846 turns).

SkaryMonk the Sneak (Octopode Assassin)             Turns: 2846, Time: 00:07:52

Health: -2/34      AC:  1    Str: 10    XL:     5   Next: 60%
Magic:  5/5        EV: 12    Int: 13    God:
Gold:   204        SH:  0    Dex: 15    Spells: 0 memorised, 4 levels left

rFire  . . .     SeeInvis .     a - +2 dagger
rCold  . . .     Gourm    .     (no shield)
rNeg   . . .     Faith    .     (helmet restricted)
rPois  .         Spirit   .     s - amulet of dismissal
rElec  .         Dismiss  +     (no ring)
rCorr  .         Reflect  .     (no ring)
SustAt .         Harm     .     (no ring)
MR     .....                    (no ring)
Stlth  ++++......               (no ring)
                                (no ring)
                                (no ring)
                                (no ring)

@: not resistant to hostile enchantments, stealthy
A: almost no armour, amphibious, 8 rings, constrict 8, camouflage 1, gelatinous
body 1
a: no special abilities


You were on level 3 of the Dungeon.
You were hungry.

You visited 1 branch of the dungeon, and saw 3 of its levels.
You also visited: Sewer.

You collected 204 gold pieces.

Notes
Turn   | Place    | Note
--------------------------------------------------------------
     0 | D:1      | SkaryMonk the Octopode Assassin began the quest for the Orb.
     0 | D:1      | Reached XP level 1. HP: 14/14 MP: 1/1
   983 | D:1      | Reached XP level 2. HP: 15/19 MP: 2/2
  1385 | D:2      | Reached XP level 3. HP: 16/24 MP: 3/3
  1934 | D:3      | Found a white marble altar of Elyvilon.
  1940 | D:3      | Reached XP level 4. HP: 29/29 MP: 4/4
  2086 | D:3      | Found a glowing golden altar of the Shining One.
  2163 | D:3      | Found a blossoming altar of Fedhas.
  2179 | D:3      | Noticed SkaryMonk's ghost (amateur OpAs)
  2290 | D:3      | Found a glowing drain.
  2311 | Sewer    | Entered a sewer
  2356 | Sewer    | Noticed Gobbopathe's ghost (amateur OpVM)
  2478 | Sewer    | Noticed a crocodile
  2485 | Sewer    | Killed a crocodile
  2485 | Sewer    | Reached skill level 5 in Short Blades
  2485 | Sewer    | Reached XP level 5. HP: 25/34 MP: 5/5
  2846 | D:3      | Killed themself with a badly aimed iceblast

Inventory:

Hand Weapons
 a - a +2 dagger (weapon)
 b - a +0 blowgun
Missiles
 c - 19 poisoned needles
 d - 2 curare-tipped needles
Jewellery
 s - an amulet of dismissal (around mantle)
Wands
 u - a wand of iceblast (8/15)
Scrolls
 e - 2 scrolls of remove curse
 g - 2 scrolls of blinking
 k - a scroll of identify
 l - 2 scrolls of fog
 n - 2 scrolls of recharging
 p - 2 scrolls of fear {unknown}
 t - a scroll of random uselessness {unknown}
Potions
 h - a potion of mutation {unknown}
 i - 2 potions of flight
 j - a potion of cure mutation {unknown}
 m - a potion of ambrosia {unknown}
 q - a potion of degeneration {unknown}
Comestibles
 f - 3 bread rations
 o - 2 meat rations

Table legend:
 A = Turns spent in this place as a percentage of turns spent in the entire game.
 B = Non-inter-level travel turns spent in this place as a percentage of non-inter-level travel turns spent in the entire game.
 C = Inter-level travel turns spent in this place as a percentage of turns spent in this place.
 D = Turns resting spent in this place as a percentage of non-inter-level travel turns spent in this place.
 E = Turns spent auto-exploring this place as a percentage of non-inter-level travel turns spent in this place.
 F = Non-inter-level travel turns spent in this place divided by the number of levels of this place that you've seen.
                   A       B       C       D       E      F
               +-------+-------+-------+-------+-------+----------------------
         Total | 100.0 | 100.0 |   0.5 |   2.4 |  13.3 | 148.5
       Dungeon |  80.4 |  80.3 |   0.6 |   1.7 |  15.5 | 159.0
         Sewer |  19.6 |  19.7 |   0.0 |   5.1 |   4.3 | 117.0
               +-------+-------+-------+-------+-------+----------------------


   Skills:
 - Level 2.0 Fighting
 + Level 5.5 Short Blades
 - Level 2.0 Throwing
 - Level 1.0 Dodging
 - Level 5.6 Stealth


You had 4 spell levels left.
You didn't know any spells.

Dungeon Overview and Level Annotations

Branches:
Dungeon (3/15)

Altars:
Elyvilon
Fedhas
The Shining One

Annotations:
D:3 SkaryMonk's ghost, amateur OpAs


Innate Abilities, Weirdness & Mutations

You cannot wear most types of armour.
You are amphibious.
You can wear up to eight rings at the same time.
You can use your tentacles to constrict eight enemies at once.
Your skin changes colour to match your surroundings (Stealth).
Your rubbery body absorbs attacks (AC +1).


Message History

Your amulet of dismissal vibrates suddenly!
The orc disappears!
You hit the orc priest but do no damage.
The orc priest is lightly wounded.
You constrict the orc priest, but do no damage.
Drink which item? (? for menu, Esc to quit)
Okay, then.
Evoke which item? (* to show all) (? for menu, Esc to quit)
Zapping:
u - a wand of iceblast (will waste charges)
Press: ? - help, Shift-Dir - straight line, f - orc priest
Aim: an orc priest, wielding a hand axe and wearing a chain mail (lightly wounded, constricted by you) That beam is likely to hit you.
Continue anyway?
The mass of ice explodes!
The iceblast engulfs the orc priest.
The orc priest is heavily wounded.
The iceblast engulfs the rat.
You kill the rat!
The iceblast engulfs the orc.
The orc is heavily wounded.
The iceblast engulfs you!
You die...

#.# # #.# # .# #.# ####
###. #.# #.# #..
..##.####.###.# #.#
......$........#
####.##.##....†oo......#
#.......##.### #@# #.#
#.##.#####...# #.# #.#
...........#.# #.# #>#
..##.........# #.# #.#
#.#...####..## #.## #.#
#.....# #..##.#..# #.#
###...####..##.##.# #.#
.........#..##.##.# #.#
.>........<)##.##.# #.#


You could see an orc priest and an orc.

Table legend:
 A = Kills in this place as a percentage of kills in entire the game.
 B = Kills by you in this place as a percentage of kills by you in the entire game.
 C = Kills by friends in this place as a percentage of kills by friends in the entire game.
 D = Other kills in this place as a percentage of other kills in the entire game.
 E = Experience gained in this place as a percentage of experience gained in the entire game.
 F = Experience gained in this place divided by the number of levels of this place that you have seen.
                   A       B       C       D       E      F
               +-------+-------+-------+-------+-------+----------------------
         Total | 100.0 | 100.0 |  -nan |  -nan | 100.0 |  64.5
       Dungeon |  88.7 |  88.7 |  -nan |  -nan |  57.4 |  49.3
         Sewer |  11.3 |  11.3 |  -nan |  -nan |  42.6 | 110.0
               +-------+-------+-------+-------+-------+----------------------

Vanquished Creatures
  A crocodile (Sewer)
  5 adders
  An ooze (D:3)
  2 dart slugs
  4 giant geckos (D:3)
  6 giant cockroaches
  4 goblins
  5 hobgoblins
  2 jackals (Sewer)
  2 quokkas (D:3)
  3 bats
  A giant newt (D:2)
  8 kobolds
  9 rats
53 creatures vanquished.

Action                   |  1- 3 |  4- 6 || total
-------------------------+-------+-------++-------
Melee: Dagger            |    43 |    39 ||    82
       Constrict         |    12 |     8 ||    20
       Tentacles         |     6 |     6 ||    12
  Use: Scroll            |     7 |       ||     7
       Potion            |       |     1 ||     1
 Stab: Sleeping          |     8 |    15 ||    23
  Eat: Chunk             |     3 |     2 ||     5
Armor: Skin              |     2 |       ||     2
Dodge: Dodged            |    18 |    25 ||    43

Vault maps used:
D:1:      dpeg_arrival_oval, minivault_14, kennysheep_pointless_box,
          minmay_misc_feat_secret_circle
D:3:      overflow_temple_1_default, nicolae_overflow_crystal_walls,
          lemuel_round_altar, portal_sewer_entry_f, serial_park_tiny_2
Sewer:    sewer_the_crocodile
